 Dungeon Crawl Stone Soup version 0.25.1-1-g288607f5aa (webtiles) character file.

Game seed: 14381868146309152251

163414 DerDa the Destroyer (level 17, -8/122 HPs)
             Began as a Demonspawn Fire Elementalist on July 28, 2020.
             Was a High Priest of Sif Muna.
             Mangled by a 27-headed hydra skeleton (11 damage)
             ... on level 4 of the Swamp.
             The game lasted 03:18:00 (38600 turns).

DerDa the Destroyer (Demonspawn Fire Elementalist) Turns: 38600, Time: 03:18:01

Health: -8/122     AC: 11    Str:  8    XL:     17   Next: 23%
Magic:  0/34       EV: 23    Int: 25    God:    Sif Muna [*****.]
Gold:   3126       SH:  8    Dex: 28    Spells: 3/43 levels left

rFire    . . .     SeeInvis .   u - +1 trident of Kyesit {vorpal, rPois MR+}
rCold    + . .     Gourm    .   T - +1 buckler {rC+}
rNeg     . . .     Faith    +   o - +2 troll leather armour
rPois    +         Spirit   +   I - +2 hat {Int+3}
rElec    .         Reflect  .   s - scarf {+Inv}
rCorr    .         Harm     .   F - +2 pair of gloves
MR       ++...                  (boots unavailable)
Stlth    ++++......             E - amulet of faith
HPRegen  0.70/turn              t - +4 ring of evasion
MPRegen  0.48/turn              V - +6 ring of dexterity

@: very slightly contaminated
A: talons 3, thin skeletal structure 3, powered by pain 3, magic shield, magic
regeneration, magic link
a: Channel Magic, Forget Spell, Divine Exegesis, Renounce Religion, Evoke
Invisibility


You were on level 4 of the Swamp.
You worshipped Sif Muna.
Sif Muna was extremely pleased with you.
You were not hungry.

You visited 5 branches of the dungeon, and saw 28 of its levels.
You visited the Abyss 1 time.
You also visited: Ice Cave.

You collected 3336 gold pieces.
You spent 210 gold pieces at shops.

Inventory:

Hand Weapons
 u - the +1 trident of Kyesit (weapon) {vorpal, rPois MR+}
   (You found it on level 10 of the Dungeon)

   It inflicts extra damage upon your enemies.
   It protects you from poison.
   It affects your resistance to hostile enchantments.
 L - the +7 lajatang of Order {silver, rMut}
   (You found it on level 7 of the Dungeon)

   It protects you from mutation.
 N - the +7 sceptre of Torment {pain, torment}
   (You found it on level 6 of the Lair of Beasts)

   In the hands of one skilled in necromantic magic, it inflicts extra damage on
   living creatures.
Missiles
 v - 86 poisoned darts (quivered)
Armour
 o - a +2 troll leather armour (worn)
 s - a scarf of invisibility (worn)
 x - a +2 robe of fire resistance
 F - a +2 pair of gloves (worn)
 I - a +2 hat of intelligence (worn)
 T - a +1 buckler of cold resistance (worn)
Magical Staves
 S - an uncursed staff of energy
Jewellery
 b - an uncursed ring of protection from fire
 k - an uncursed ring of flight
 t - a +4 ring of evasion (left hand)
 B - an uncursed ring of protection from fire
 E - an amulet of faith (around neck)
 G - an uncursed ring of resist corrosion
 P - an uncursed ring of protection from fire
 Q - an uncursed ring of protection from cold
 V - a +6 ring of dexterity (right hand)
 Y - an uncursed ring of protection from cold
Wands
 e - a wand of polymorph (13)
 y - a wand of paralysis (12)
 D - a wand of iceblast (13)
 U - a wand of acid (21)
 Z - a wand of digging (6)
Scrolls
 d - 5 scrolls of teleportation
 f - 11 scrolls of enchant weapon
 h - 3 scrolls of magic mapping
 i - 11 scrolls of remove curse
 n - a scroll of summoning
 p - a scroll of immolation
 q - a scroll of brand weapon
 A - 7 scrolls of fog
 H - a scroll of fear
 K - 9 scrolls of identify
 M - 2 scrolls of amnesia
 X - 3 scrolls of vulnerability
Potions
 a - 3 potions of magic
 g - 4 potions of brilliance
 l - 3 potions of mutation
 r - 12 potions of curing
 w - 8 potions of might
 z - 2 potions of resistance
 C - a potion of cancellation
 R - a potion of heal wounds
 W - a potion of stabbing
Miscellaneous
 j - a lightning rod (4/4)
 J - a phial of floods
Comestibles
 c - 46 rations


   Skills:
 + Level 7.7 Fighting
 + Level 7.4 Dodging
 - Level 1.7 Stealth
 + Level 5.3 Shields
 * Level 13.7 Spellcasting
 * Level 14.7 Conjurations
 * Level 13.9 Fire Magic
 + Level 7.7 Air Magic
 + Level 10.5 Invocations
 + Level 8.2 Evocations


You had 3 spell levels left.
You knew the following spells:

 Your Spells              Type           Power        Failure   Level  Hunger
a - Foxfire               Conj/Fire      ####         0%          1    None
b - Conjure Flame         Conj/Fire      ######..     1%          3    None
c - Sticky Flame          Conj/Fire      ######..     1%          4    None
d - Fireball              Conj/Fire      ######....   1%          5    ##.....
e - Lightning Bolt        Conj/Air       ######....   1%          5    ##.....
f - Starburst             Conj/Fire      ######....   2%          6    #####..
g - Airstrike             Air            ######....   1%          4    None
h - Orb of Destruction    Conj           ######....   10%         7    ######.
i - Irradiate             Conj/Tmut      ######....   7%          5    ##.....

Your spell library contained the following spells:

 Spells                   Type           Power        Failure   Level  Hunger
 Magic Dart               Conj           ####         0%          1    None
 Shock                    Conj/Air       ####         1%          1    None
 Corpse Rot               Necr/Air       N/A          1%          2    None
 Poisonous Vapours        Pois/Air       #####.       1%          2    None
 Searing Ray              Conj           ######       1%          2    None
 Swiftness                Chrm/Air       #####...     1%          2    None
 Dazzling Flash           Conj/Hex       ######       1%          3    None
 Inner Flame              Hex/Fire       ######..     1%          3    None
 Mephitic Cloud           Conj/Pois/Air  ######..     1%          3    None
 Static Discharge         Conj/Air       ######..     1%          3    None
 Stone Arrow              Conj/Erth      ######       1%          3    None
 Ignite Poison            Fire/Tmut/Pois #####...     2%          3    None
 Animate Skeleton         Necr           N/A          4%          1    None
 Apportation              Tloc           ###...       4%          1    None
 Freeze                   Ice            ###.         4%          1    None
 Pain                     Necr           ###.         4%          1    None
 Sting                    Tmut/Pois      ###.         4%          1    None
 Summon Butterflies       Summ           ###.....     4%          1    None
 Summon Small Mammal      Summ           ###.         4%          1    None
 Blink                    Tloc           N/A          8%          2    None
 Call Imp                 Summ           ###.....     8%          2    None
 Ensorcelled Hibernation  Hex/Ice        ###...       8%          2    None
 Passwall                 Tmut/Erth      ###.....     8%          2    None
 Slow                     Hex            ###.....     8%          2    None
 Sticks to Snakes         Tmut           ###.....     8%          2    None
 Call Canine Familiar     Summ           ###.....     14%         3    None
 Confusing Touch          Hex            ###.....     14%         3    None
 Frozen Ramparts          Ice            ###...       14%         3    None
 Lesser Beckoning         Tloc           ###.......   14%         3    None
 Ozocubu's Armour         Chrm/Ice       ###.....     14%         3    None
 Recall                   Summ/Tloc      N/A          14%         3    None
 Spider Form              Tmut/Pois      ###.......   14%         3    None
 Summon Guardian Golem    Hex/Summ       ###.....     14%         3    None
 Tukima's Dance           Hex            ###.....     14%         3    None
 Vampiric Draining        Necr           ###.......   14%         3    None
 Fulminant Prism          Conj/Hex       ######....   2%          4    None
 Hailstorm                Conj/Ice       ######..     2%          4    None
 Iskenderun's Mystic Bla  Conj/Tloc      ######..     2%          4    None
 Bolt of Magma            Conj/Fire/Erth ######....   2%          5    ##.....
 Iskenderun's Battlesphe  Conj/Chrm      ######..     7%          5    ##.....
 Conjure Ball Lightning   Conj/Air       ######....   8%          6    #####..
 Summon Lightning Spire   Summ/Air       #####...     10%         4    None
 Freezing Cloud           Conj/Ice/Air   ######....   34%         6    #####..
 Iron Shot                Conj/Erth      ######....   36%         6    #####..
 Animate Dead             Necr           N/A          43%         4    None
 Dispel Undead            Necr           ###.....     43%         4    None
 Ice Form                 Ice/Tmut       ###.....     43%         4    None
 Olgreb's Toxic Radiance  Pois           ###.....     43%         4    None
 Passage of Golubria      Tloc           N/A          43%         4    None
 Petrify                  Tmut/Erth      ###.....     43%         4    None
 Summon Ice Beast         Ice/Summ       ###.....     43%         4    None
 Agony                    Necr           ###.....     80%         5    ##.....
 Alistair's Intoxication  Tmut/Pois      ###.....     80%         5    ##.....
 Borgnjor's Vile Clutch   Necr/Erth      ###.......   80%         5    ##.....
 Lee's Rapid Deconstruct  Erth           ###.......   80%         5    ##.....
 Metabolic Englaciation   Hex/Ice        ###.......   80%         5    ##.....
 Summon Demon             Summ           ###.......   80%         5    ##.....
 Summon Forest            Summ/Tloc      ###.......   80%         5    ##.....
 Summon Mana Viper        Hex/Summ       ###.....     80%         5    ##.....
 Spellforged Servitor     Conj/Summ      ######....   90%         7    ######.
 Ring of Flames           Chrm/Fire      ######....   94%         7    ######.
 Chain Lightning          Conj/Air       ######....   97%         8    #######
 Darkness                 Hex            ###.......   100%        6    #####..
 Eringya's Noxious Bog    Tmut/Pois      ###.......   100%        6    #####..
 Invisibility             Hex            ###.....     100%        6    #####..
 Ozocubu's Refrigeration  Ice            ###.......   100%        6    #####..
 Simulacrum               Ice/Necr       ###.......   100%        6    #####..
 Statue Form              Tmut/Erth      ###......    100%        6    #####..
 Monstrous Menagerie      Summ           ###.......   100%        7    ######.
 Summon Greater Demon     Summ           ###.......   100%        7    ######.
 Controlled Blink         Tloc           N/A          100%        8    #######
 Lehudib's Crystal Spear  Conj/Erth      ######....   100%        8    #######
 Necromutation            Tmut/Necr      ###.......   100%        8    #######
 Summon Horrible Things   Summ           ###.......   100%        8    #######
 Fire Storm               Conj/Fire      ######....   100%        9    #######
 Shatter                  Erth           ###.......   100%        9    #######


Dungeon Overview and Level Annotations

Branches:
Dungeon (15/15)            Temple (1/1) D:4            Lair (6/6) D:9
  Swamp (4/4) Lair:4       Spider (0/4) Lair:3        Slime (0/5) Lair:6
    Orc (2/2) D:10            Elf (0/3) Orc:2        Vaults (0/5) D:13
 Depths (0/5) D:15          IceCv (visited)

Altars:
Ashenzari
Cheibriados
Dithmenos
Elyvilon
Fedhas
Gozag
Hepliaklqana
Kikubaaqudgha
Makhleb
Nemelex Xobeh
Okawaru
Qazlal
Ru
Sif Muna
Trog
Uskayaw
Vehumet
Wu Jian
Xom
Yredelemnul
Zin
The Shining One
Jiyva

Shops:
Orc:1 *   Orc:2 [[(*

Annotations:
D:2 Terence
Swamp:1 2 transporters


Innate Abilities, Weirdness & Mutations

You have claws for feet.
You have an unnaturally thin skeletal structure. (Dex +6, Stealth++)
You are powered by pain.
When hurt, damage is shared between your health and your magic reserves.
You regenerate magic rapidly.
When low on magic, you restore magic in place of health.


Message History

* * * LOW HITPOINT WARNING * * *
You block the 27-headed hydra skeleton's attack.
The 27-headed hydra skeleton completely misses you.
The 27-headed hydra skeleton bites you.
* * * LOW HITPOINT WARNING * * *
The 27-headed hydra skeleton bites you!
* * * LOW HITPOINT WARNING * * *
The 27-headed hydra skeleton barely misses you.
The 27-headed hydra skeleton bites you!
* * * LOW HITPOINT WARNING * * *
The 27-headed hydra skeleton completely misses you.
You block the 27-headed hydra skeleton's attack.
The 27-headed hydra skeleton bites you.
* * * LOW HITPOINT WARNING * * *
The 27-headed hydra skeleton bites you but does no damage.
The 27-headed hydra skeleton bites you!
* * * LOW HITPOINT WARNING * * *
You block the 27-headed hydra skeleton's attack.
The 27-headed hydra skeleton bites you!
You die...

≈♣ ♣.. ♣...♣ #≈♣.≈≈≈ ≈.#
≈.♣..≈)# ♣≈♣≈.≈≈ ..≈#
≈.♣≈≈## ♣♣..≈♣♣ .♣≈≈#
≈≈..≈ ♣♣≈≈≈≈♣♣ ≈≈.≈≈♣
##.≈# ♣.≈≈≈.♣≈
.≈.≈..#♣.$.### ♣♣....♣.
♣≈≈..†..≈.≈[♣ ♣♣≈♣♣≈.
♣.≈≈≈.Z..≈≈≈♣ ♣.≈≈..
♣.)≈≈.@≈≈≈.≈♣ ♣♣♣...≈≈
♣♣≈.≈...†..♣♣ ♣.≈≈..≈≈
♣.≈♣≈≈♣≈≈≈≈.≈♣♣♣♣≈≈.≈♣♣♣
♣.≈.♣♣♣♣≈≈≈≈≈≈♣♣...≈≈≈♣♣
♣♣≈§♣ ♣♣≈≈≈.≈♣≈...≈≈...
♣♣≈≈≈ ♣♣≈.....≈≈≈≈≈≈≈.≈
.≈≈.♣≈♣♣≈≈.≈≈≈≈≈≈≈§.≈
.≈≈≈≈≈≈♣≈.≈≈≈≈≈[≈§.≈§
..≈≈≈≈≈.≈≈≈≈≈≈≈≈.[..≈


You could see a 27-headed hydra skeleton (strong).

Vanquished Creatures
  Jorgrun (Swamp:3)
  2 tentacled starspawn
  2 thorn hunters (Swamp:2)
  A frost giant (IceCv)
  Aizul (Swamp:3)
  Nessos (Orc:2)
  2 vampire knights (Swamp:4)
  The ghost of Ebobla the Grappler, a journeyman TrBe of Trog (Orc:1)
  A fire dragon (Lair:6)
  16 hydras
  2 shambling mangroves
  3 ghost crabs
  2 centaur warriors
  2 death yaks (IceCv)
  A catoblepas (D:13)
  7 two-headed ogres
  4 tengu warriors
  13 alligators
  A vampire mage (D:15)
  3 thrashing horrors
  4 spriggans
  4 skeletal warriors (D:15)
  A titan skeleton (D:15)
  2 sixfirhies (Abyss:2)
  A spriggan druid (Swamp:4)
  2 phantasmal warriors (Swamp:4)
  An unseen horror (D:14)
  2 flayed ghosts (Swamp:4)
  A wizard (D:13)
  10 swamp dragons
  3 spectral hydras (Swamp:4)
  A wolf spider zombie (D:15)
  3 necromancers
  4 lindwurms (D:9)
  3 orc sorcerers
  3 orc knights
  4 deep elf magi
  2 worldbinders (Abyss:1)
  5 oklob plants (Lair:6)
  4 cyclopes
  2 manticores
  8 elephants
  6 ugly things
  A frost giant skeleton (D:15)
  5 black mambas
  An ice statue (IceCv)
  2 gargoyles
  2 torpor snails (Lair:6)
  2 centaur skeletons (D:14)
  2 large abominations
  8 rime drakes
  A yaktaur zombie (D:15)
  19 spiny frogs
  A freezing wraith (Swamp:4)
  3 hydra zombies (Swamp:4)
  7 komodo dragons
  An ice devil (Abyss:2)
  An efreet (D:14)
  2 tengu conjurers
  9 trolls
  3 death drake zombies (Swamp:4)
  A redback zombie (D:15)
  24 polar bears
  8 raiju
  6 hornets
  16 blink frogs
  12 tyrant leeches
  A harpy zombie (D:15)
  6 slime creatures (Swamp:3)
  A harpy skeleton (D:15)
  9 hippogriffs
  4 bog bodies
  6 dream sheep
  4 meliai zombies
  3 redbacks (Lair:3)
  2 shadows
  5 wyverns
  2 wraiths
  51 yaks
  2 ynoxinuls (Abyss:2)
  A vampire (D:15)
  4 hogs (D:7)
  A spriggan skeleton (D:15)
  6 basilisks
  Eustachio (D:4)
  4 hungry ghosts
  2 neqoxecs (Abyss:2)
  2 humans
  4 steam dragons
  A chaos spawn (Abyss:2)
  20 vampire mosquitoes
  13 wargs
  14 insubstantial wisps
  9 swamp worms
  A soldier ant (shapeshifter) (D:15)
  2 acid dragons (Lair:6)
  3 hydra simulacra (Swamp:4)
  7 porcupines
  13 hell hounds (Lair:6)
  11 water moccasins
  A floating eye (D:10)
  36 orc warriors
  7 ice beasts
  10 ogres
  12 swamp drakes
  14 black bears
  2 eyes of draining
  3 necrophages
  10 sky beasts
  2 swamp dragon zombies (Swamp:4)
  4 phantoms
  3 boggarts (D:14)
  2 small abominations
  26 wolves
  9 crocodiles
  29 centaurs
  A gnoll sergeant (D:11)
  18 bullfrogs
  A wyvern zombie (D:10)
  5 scorpions
  A killer bee (D:10)
  10 wights
  2 electric eels
  4 howler monkeys
  A bullfrog zombie (D:10)
  3 centaur zombies
  6 jellies
  2 quasits
  5 crimson imps
  19 orc priests
  A gnoll shaman (D:8)
  5 hounds
  4 bullfrog skeletons
  5 iguanas
  12 worker ants
  20 orc wizards
  A spriggan simulacrum (Abyss:1)
  A hound skeleton (D:6)
  2 mummies
  A howler monkey zombie (D:7)
  15 gnolls
  17 adders
  A shadow imp (Abyss:1)
  A white imp (Abyss:2)
  An ufetubus (Abyss:1)
  2 oozes
  2 adder skeletons
  2 worms
  2 dart slugs
  3 leopard geckos
  90 orcs
  6 giant cockroaches
  9 goblins
  4 hobgoblins
  14 jackals
  5 kobolds
  9 quokkas
  A ball python (D:1)
  7 bats
  6 frilled lizards
  2 hobgoblin zombies (D:6)
  A kobold zombie (D:6)
  An orc zombie (D:6)
  A quokka zombie (D:10)
  8 rats
  A spectral orc (D:7)
  2 briar patches (Swamp:2)
  A butterfly (Lair:1)
  2 fungi
  6 plants
  A starspawn tentacle (Abyss:1)
1017 creatures vanquished.

Vanquished Creatures (others)
  3 insubstantial wisps (Swamp:3)
  3 briar patches (Swamp:2)
  1682 foxfires
  13 fungi
  27 plants
  10 starspawn tentacles
  9 toadstools (Swamp:2)
1747 creatures vanquished.

Grand Total: 2764 creatures vanquished

Notes
Turn   | Place    | Note
-------+----------+-------------------------------------------
     0 | D:1      | DerDa the Demonspawn Fire Elementalist began the quest for
                  | the Orb.
     0 | D:1      | Reached XP level 1. HP: 13/13 MP: 3/3
   432 | D:1      | Gained mutation: You have sharp toenails. [demonic
                  | ancestry]
   432 | D:1      | Reached XP level 2. HP: 19/19 MP: 0/5
  1451 | D:2      | Noticed Terence
  1461 | D:2      | Gained mutation: You have a somewhat thin skeletal
                  | structure. (Dex +2, Stealth) [demonic ancestry]
  1461 | D:2      | Reached XP level 3. HP: 16/24 MP: 1/6
  1673 | D:2      | Learned a level 3 spell: Conjure Flame
  1746 | D:2      | Reached skill level 2 in Conjurations
  2306 | D:3      | Gained mutation: You sometimes gain a little power by
                  | taking damage. [demonic ancestry]
  2306 | D:3      | Reached XP level 4. HP: 24/30 MP: 3/8
  3079 | D:3      | Reached XP level 5. HP: 35/35 MP: 1/9
  3382 | D:3      | Reached skill level 3 in Conjurations
  4382 | D:4      | Learned a level 4 spell: Sticky Flame
  4411 | D:4      | Noticed a phantom
  4435 | D:4      | Killed a phantom
  4435 | D:4      | Gained mutation: When hurt, damage is shared between your
                  | health and your magic reserves. [demonic ancestry]
  4435 | D:4      | Reached XP level 6. HP: 16/41 MP: 0/11
  4697 | D:4      | Found a sparkling altar of Nemelex Xobeh.
  4960 | D:4      | Reached skill level 4 in Conjurations
  5163 | D:4      | Gained mutation: You sometimes gain power by taking damage.
                  | [demonic ancestry]
  5163 | D:4      | Reached XP level 7. HP: 46/46 MP: 2/13
  5337 | D:4      | Found a staircase to the Ecumenical Temple.
  5346 | Temple   | Entered the Ecumenical Temple
  5490 | Temple   | Became a worshipper of Sif Muna the Loreminder
  5862 | D:4      | Reached skill level 5 in Fire Magic
  5964 | D:4      | Noticed Eustachio
  5971 | D:4      | Killed Eustachio
  6251 | D:4      | Learned a level 5 spell: Fireball
  6282 | D:5      | Entered Level 5 of the Dungeon
  6355 | D:5      | Reached skill level 5 in Spellcasting
  6355 | D:5      | Reached skill level 5 in Conjurations
  6738 | D:5      | Gained mutation: You have a moderately thin skeletal
                  | structure. (Dex +4, Stealth+) [demonic ancestry]
  6738 | D:5      | Reached XP level 8. HP: 52/52 MP: 4/15
  7580 | D:6      | Reached skill level 6 in Conjurations
  7639 | D:6      | Noticed a +0 hand axe
  7639 | D:6      | Noticed a +0 dagger
  7713 | D:6      | Found a hide-covered altar of Uskayaw.
  8000 | D:6      | Reached * piety under Sif Muna
  8702 | D:7      | Noticed a two-headed ogre
  8718 | D:7      | Killed a two-headed ogre
  8718 | D:7      | Reached skill level 7 in Conjurations
  8718 | D:7      | Gained mutation: You regenerate magic rapidly. [demonic
                  | ancestry]
  8718 | D:7      | Reached XP level 9. HP: 26/57 MP: 4/19
  8969 | D:7      | Found the +7 lajatang of Order {silver, rMut}
  9223 | D:7      | Found a basalt altar of Yredelemnul.
  9491 | D:7      | Noticed a two-headed ogre
  9504 | D:7      | Killed a two-headed ogre
  9504 | D:7      | Reached skill level 8 in Conjurations
  9625 | D:7      | Reached ** piety under Sif Muna
  9625 | D:7      | Gained mutation: When low on magic, you restore magic in
                  | place of health. [demonic ancestry]
  9625 | D:7      | Reached XP level 10. HP: 48/63 MP: 9/21
 10249 | D:8      | Found a shattered altar of Ashenzari.
 10716 | D:8      | Reached skill level 9 in Conjurations
 10724 | D:8      | Found an iron altar of Okawaru.
 10987 | D:9      | Reached *** piety under Sif Muna
 11504 | D:9      | Noticed a two-headed ogre
 11513 | D:9      | Killed a two-headed ogre
 11563 | D:10     | Entered Level 10 of the Dungeon
 11769 | D:9      | Found a radiant altar of Vehumet.
 11770 | D:9      | Found a glowing golden altar of the Shining One.
 11771 | D:9      | Found an opulent altar of Gozag.
 11773 | D:9      | Found a glowing silver altar of Zin.
 11820 | D:9      | Found a staircase to the Lair.
 11874 | D:9      | Gained mutation: You have razor-sharp toenails. [demonic
                  | ancestry]
 11874 | D:9      | Reached XP level 11. HP: 68/68 MP: 11/24
 12449 | D:9      | Noticed a lindwurm
 12461 | D:9      | Learned a level 5 spell: Lightning Bolt
 12593 | D:10     | Reached skill level 10 in Conjurations
 12714 | D:10     | Reached **** piety under Sif Muna
 12763 | D:10     | Got a fine trident
 12763 | D:10     | Identified the +1 trident of Kyesit {vorpal, rPois MR+}
                  | (You found it on level 10 of the Dungeon)
 12777 | D:10     | Reached skill level 1 in Shields
 12909 | D:10     | Noticed a two-headed ogre
 12922 | D:10     | Killed a two-headed ogre
 13048 | D:10     | Found a staircase to the Orcish Mines.
 13297 | D:10     | Identified the +7 shortbow of Makhleb's Anger {venom,
                  | *Drain MR- Dex+9 Stlth+}
 13496 | D:10     | Reached skill level 1 in Air Magic
 13654 | D:10     | Reached ***** piety under Sif Muna
 13738 | D:10     | Paralysed by a floating eye for 3 turns
 13749 | D:10     | Identified Teplunusm's Volume of the Excruciating Mountains
                  | (Sif Muna gifted it to you on level 10 of the Dungeon)
 13749 | D:10     | Received a gift from Sif Muna
 13797 | D:10     | Noticed a two-headed ogre
 13843 | D:9      | HP: 2/68 [troll (2)]
 13845 | D:9      | Reached skill level 10 in Fire Magic
 13855 | D:9      | Noticed a lindwurm
 14303 | D:10     | Killed a two-headed ogre
 14303 | D:10     | Reached skill level 1 in Invocations
 14779 | D:11     | Reached skill level 10 in Spellcasting
 14779 | D:11     | Reached skill level 1 in Evocations
 15021 | D:11     | Found a sparkling altar of Nemelex Xobeh.
 15538 | D:11     | Noticed a five-headed hydra
 15546 | D:11     | Killed a five-headed hydra
 15546 | D:11     | Reached XP level 12. HP: 74/74 MP: 5/26
 15930 | Lair:1   | Entered Level 1 of the Lair of Beasts
 15931 | Lair:1   | Noticed a six-headed hydra
 15933 | Lair:1   | Noticed a five-headed hydra
 15943 | D:9      | Killed a six-headed hydra
 16015 | Orc:1    | Entered Level 1 of the Orcish Mines
 16018 | Orc:1    | Found a runed translucent door.
 16019 | Orc:1    | Noticed Ebobla's ghost (journeyman TrBe)
 16085 | Orc:2    | Entered Level 2 of the Orcish Mines
 16270 | Lair:1   | Killed a five-headed hydra
 16270 | Lair:1   | Reached skill level 11 in Conjurations
 16489 | Lair:1   | Noticed an eight-headed hydra
 16495 | Lair:1   | Killed an eight-headed hydra
 16495 | Lair:1   | Identified Sif Muna's Papyrus of Torrid Beguiling (Sif Muna
                  | gifted it to you on level 1 of the Lair of Beasts)
 16495 | Lair:1   | Received a gift from Sif Muna
 16495 | Lair:1   | Reached skill level 1 in Fighting
 17273 | Lair:2   | Learned a level 6 spell: Starburst
 17278 | Lair:2   | Learned a level 4 spell: Airstrike
 18022 | Lair:3   | Found a frozen archway.
 18062 | IceCv    | Entered an ice cave
 18290 | IceCv    | Gained mutation: You have claws for feet. [demonic
                  | ancestry]
 18290 | IceCv    | Reached XP level 13. HP: 57/85 MP: 5/27
 18549 | IceCv    | Reached skill level 5 in Invocations
 18832 | IceCv    | Identified Sif Muna's Reference Book on the Excruciating
                  | Rocks (Sif Muna gifted it to you in an ice cave)
 18832 | IceCv    | Received a gift from Sif Muna
 18954 | IceCv    | Noticed a frost giant
 19162 | IceCv    | Killed a frost giant
 19740 | Lair:3   | Found a hole to the Spider Nest.
 19748 | Lair:3   | Reached skill level 12 in Conjurations
 20535 | Lair:4   | Found a staircase to the Swamp.
 21595 | Lair:5   | Identified Sif Muna's Incunabulum of Evil Combat Magic (Sif
                  | Muna gifted it to you on level 5 of the Lair of Beasts)
 21595 | Lair:5   | Received a gift from Sif Muna
 21668 | Lair:5   | Reached skill level 5 in Evocations
 21934 | Lair:5   | Reached XP level 14. HP: 93/95 MP: 17/29
 22581 | Lair:6   | Entered Level 6 of the Lair of Beasts
 22729 | Lair:6   | Found the +7 sceptre of Torment {pain, torment}
 22732 | Lair:6   | Reached skill level 5 in Air Magic
 22871 | Lair:6   | Identified the Catalogue of the Barracuda
 23278 | Lair:6   | Identified Sif Muna's Reference Book on the Fetching Blaze
                  | (Sif Muna gifted it to you on level 6 of the Lair of
                  | Beasts)
 23278 | Lair:6   | Received a gift from Sif Muna
 23496 | Lair:6   | Learned a level 7 spell: Orb of Destruction
 23663 | Lair:6   | Found a viscous altar of Jiyva.
 23664 | Lair:6   | Found a staircase to the Slime Pits.
 23960 | Lair:6   | Reached skill level 5 in Dodging
 24291 | Lair:6   | Reached skill level 5 in Fighting
 24496 | Lair:6   | HP: 4/98 [hell hound/blast of flame (18)]
 24875 | Lair:6   | Reached skill level 13 in Conjurations
 25846 | D:9      | Received a gift from Sif Muna
 25956 | Orc:1    | Killed Ebobla's ghost
 26126 | Orc:2    | Noticed Nessos
 26646 | Orc:2    | Killed Nessos
 26646 | Orc:2    | Gained mutation: You have an unnaturally thin skeletal
                  | structure. (Dex +6, Stealth++) [demonic ancestry]
 26646 | Orc:2    | Reached XP level 15. HP: 96/103 MP: 11/31
 26937 | Orc:2    | Found a staircase to the Elven Halls.
 27107 | Orc:1    | Identified Sif Muna's Tome of Confrontation (Sif Muna
                  | gifted it to you on level 1 of the Orcish Mines)
 27107 | Orc:1    | Received a gift from Sif Muna
 27151 | Orc:1    | Found Gel Ucs's Assorted Antiques.
 27192 | Orc:1    | Bought a jewelled leather armour for 210 gold pieces
 27330 | Orc:1    | Identified the +2 leather armour of Wiepol {rN+ Str+7 Int-4
                  | Dex-5} (You bought it in a shop on level 1 of the Orcish
                  | Mines)
 27502 | Orc:2    | Found a burning altar of Makhleb.
 27629 | Orc:2    | Found Dibiexzaiq's Weapon Emporium.
 27629 | Orc:2    | Found Voz Zororr's Antique Armour Boutique.
 27631 | Orc:2    | Found Syehaem's Armour Shop.
 27633 | Orc:2    | Found Gossuxkown's Assorted Antiques.
 29254 | D:13     | Found a gate to the Vaults.
 29932 | D:14     | Cast into level 1 of the Abyss (orc)
 30540 | Abyss:1  | Found a corrupted altar of Lugonu.
 30540 | Abyss:1  | Found a transporter.
 30541 | Abyss:1  | Noticed a tentacled starspawn
 30541 | Abyss:1  | Noticed a tentacled starspawn
 30541 | Abyss:1  | Noticed a tentacled starspawn
 30541 | Abyss:1  | Noticed a tentacled starspawn
 30542 | Abyss:1  | Noticed a tentacled starspawn
 30562 | Abyss:1  | Killed a tentacled starspawn
 30562 | Abyss:1  | Identified Rimac's Grimoire of Dislocated Enhancements (Sif
                  | Muna gifted it to you on level 1 of the Abyss)
 30562 | Abyss:1  | Received a gift from Sif Muna
 30691 | Abyss:1  | Noticed a tentacled starspawn
 30753 | Abyss:1  | Noticed a tentacled monstrosity
 30768 | Abyss:1  | Noticed a deep elf sorcerer
 30778 | Abyss:1  | Noticed a bone dragon
 31021 | Abyss:2  | Found a corrupted altar of Lugonu.
 31193 | Abyss:2  | Noticed a tentacled starspawn
 31203 | Abyss:2  | Killed a tentacled starspawn
 31381 | Abyss:2  | Noticed a tentacled starspawn
 31759 | Abyss:2  | Reached ****** piety under Sif Muna
 31855 | Abyss:2  | Noticed a tentacled starspawn
 31973 | D:14     | Escaped the Abyss
 32333 | D:14     | Identified Quep's Papyrus of Ghastly Calling (Sif Muna
                  | gifted it to you on level 14 of the Dungeon)
 32333 | D:14     | Received a gift from Sif Muna
 32978 | D:15     | Entered Level 15 of the Dungeon
 32978 | D:15     | Found a staircase to the Depths.
 33430 | D:15     | Reached XP level 16. HP: 101/113 MP: 0/33
 33775 | D:15     | Found a shadowy altar of Dithmenos.
 33843 | D:15     | Identified the +10 hand axe of Umaogeni {freeze, +Rage}
 33915 | D:15     | Reached skill level 14 in Conjurations
 34557 | Swamp:1  | Entered Level 1 of the Swamp
 34695 | Lair:4   | Identified Jemyhuwn's Collected Works on the Mountains (Sif
                  | Muna gifted it to you on level 4 of the Lair of Beasts)
 34695 | Lair:4   | Received a gift from Sif Muna
 34705 | Lair:4   | Learned a level 5 spell: Irradiate
 34986 | Swamp:1  | Found a transporter.
 35239 | Swamp:1  | Found a transporter.
 35594 | Swamp:2  | Noticed a thorn hunter
 35608 | Swamp:2  | Killed a thorn hunter
 35839 | Swamp:2  | Noticed a thorn hunter
 35875 | Swamp:2  | Killed a thorn hunter
 35978 | Swamp:2  | Identified Ygus's Handbook of Nocuous Air (Sif Muna gifted
                  | it to you on level 2 of the Swamp)
 35978 | Swamp:2  | Received a gift from Sif Muna
 36254 | Swamp:2  | Reached skill level 10 in Invocations
 36763 | Swamp:3  | Noticed Jorgrun
 36767 | Swamp:3  | Noticed Aizul
 36814 | Swamp:3  | Killed Aizul
 36858 | Swamp:3  | Killed Jorgrun
 37060 | Swamp:3  | Reached skill level 5 in Shields
 37546 | Swamp:4  | Entered Level 4 of the Swamp
 37846 | Swamp:4  | Gained mutation: You are powered by pain. [demonic
                  | ancestry]
 37846 | Swamp:4  | Reached XP level 17. HP: 120/120 MP: 16/34
 37997 | Swamp:4  | Identified Sif Muna's Grimoire of Changing and Clay (Sif
                  | Muna gifted it to you on level 4 of the Swamp)
 37997 | Swamp:4  | Received a gift from Sif Muna
 38600 | Swamp:4  | HP: 3/122 [27-headed hydra skeleton (13)]
 38600 | Swamp:4  | Mangled by a 27-headed hydra skeleton

Illustrated notes

Levels and vault maps discovered:
D:1:      lightli_iron_boxes, layout_loops_ring
D:2:      layout_basic, uniq_terence
D:3:      layout_basic, grunt_ministairs_3, minmay_starry_boxes
D:4:      layout_loops_corners, nemelex_xobeh_ov_fountains_minmay,
          minmay_temple_entry_tees, uniq_eustachio
D:5:      layout_basic, first_ration
D:6:      kennysheep_spiral_hall, layout_basic, dancing_weapons_uskayaw,
          serial_bayou_pond_a, minmay_misc_feat_columns, minmay_mini_ossuary
D:7:      cheibrodos_iron_armory, layout_rooms,
          yredelemnul_forgotten_temple_becter, grunt_livestock,
          hangedman_abyss_or_decor_stabs
D:8:      layout_basic, cheibrodos_ashenzari_chains, marbit_many_paths
D:9:      layout_gridville, grunt_temple_overflow_open,
          erik_lair_orcish_takeover, minmay_lindwurm_lava
D:10:     layout_grid_maze, erik_orc_4, onia_ninara_cookie
D:11:     layout_basic, basic_altar
D:12:     layout_stronghold, grunt_ministairs_2
D:13:     layout_loops_ring, david_vaults_1
D:14:     layout_long_grid, minmay_misc_feat_x
D:15:     gammafunk_depths_entry_grave, layout_irregular_city, serial_undead,
          serial_undead_c, serial_undead_f, serial_undead_e, serial_undead_a,
          nicolae_dithmenos_shadow_blocks
Temple:   oiseaux_autumnal_temple
Lair:1:   layout_gridlike, patterned_corridor, lemuel_fruit_fields,
          infiniplex_staircase_pool
Lair:2:   layout_chaotic_city
Lair:3:   layout_regular_city, spider_nest_entry_webs, portal_ice_cave_rime,
          lemuel_fruit_tree
Lair:4:   layout_loops_ring, minmay_swamp_entry_reptiles, serial_bayou_shore_b
Lair:5:   layout_cave_pods
Lair:6:   hangedman_lair_caniforms_friends, layout_cave_pods,
          guppyfry_lair_end_dragon, slime_altar_1, minmay_lair_oklob_chamber,
          grunt_megastairs_2
Swamp:1:  gammafunk_worm_tunnel, layout_falls_marsh,
          evilmike_swamp_ruin_rubble_1
Swamp:2:  cheibrodos_swamp_tower_of_moss, layout_basic_swamp,
          infiniplex_staircase_pool_2, hangedman_swamp_cone, swamp_pool4
Swamp:3:  layout_basic_swamp, hangedman_swamp_ruin_hall, swamp_pool5,
          uniq_jorgrun, uniq_aizul
Swamp:4:  byrel_swamp_growth_death_and_undeath, layout_basic_swamp, swamp_pool3
Orc:1:    layout_diamond_mine, serial_shops, nicolae_shop_overgrown_old_shop,
          ebering_ghost_inner_flame
Orc:2:    st_orc_rangers, layout_caves, bloody_makhleb, uniq_nessos

Skill      XL: |  1  2  3  4  5  6  7  8  9 10 11 12 13 14 15 16 |
---------------+-------------------------------------------------+-----
Fire Magic     | 3 4 5 7 8 9 10 11 12 13 | 13.9
Conjurations   | 2 3 4 5 7 8 9 10 11 12 13 14 | 14.7
Spellcasting   | 3 4 5 7 9 10 11 12 13 | 13.7
Shields        | 3 4 5 |  5.3
Air Magic      | 2 3 4 5 6 7 |  7.7
Invocations    | 2 4 6 7 9 10 | 10.5
Evocations     | 1 3 5 6 7 8 |  8.2
Dodging        | 3 4 5 6 7 |  7.4
Fighting       | 2 4 5 6 7 |  7.7
Stealth        | |  1.7

Action                   |  1- 3 |  4- 6 |  7- 9 | 10-12 | 13-15 | 16-18 || total
-------------------------+-------+-------+-------+-------+-------+-------++-------
Melee: Whip              |    22 |       |       |       |       |       ||    22
       Kick              |     4 |     6 |    12 |    27 |    90 |    59 ||   198
       Hand axe          |     4 |    25 |       |       |       |       ||    29
       Spear             |       |     4 |    50 |    27 |       |       ||    81
       Trident           |       |       |       |    72 |   233 |   175 ||   480
       Eveningstar       |       |       |       |       |     3 |       ||     3
       Lajatang          |       |       |       |       |    38 |       ||    38
Throw: Stone             |       |     1 |       |     1 |       |       ||     2
       Dart              |       |       |       |       |       |     1 ||     1
 Cast: Foxfire           |    76 |   121 |   209 |   418 |   191 |    15 ||  1030
       Conjure Flame     |       |     2 |       |     2 |    10 |       ||    14
       Sticky Flame      |       |       |    19 |    91 |   194 |    51 ||   355
       Fireball          |       |       |     1 |   110 |   280 |   221 ||   612
       Lightning Bolt    |       |       |       |       |    79 |     5 ||    84
       Airstrike         |       |       |       |       |    20 |       ||    20
       Orb of Destructio |       |       |       |       |    15 |     5 ||    20
       Starburst         |       |       |       |       |    22 |    38 ||    60
       Irradiate         |       |       |       |       |       |     1 ||     1
Invok: Channel Magic     |       |       |       |       |     2 |    11 ||    13
 Abil: Evoke Flight      |       |       |       |       |     1 |       ||     1
Evoke: Lightning rod     |       |       |       |       |     2 |       ||     2
  Use: Scroll            |       |     6 |     6 |     9 |    23 |     1 ||    45
       Potion            |       |     3 |       |     5 |     7 |     5 ||    20
 Stab: Sleeping          |       |       |       |     3 |     3 |     1 ||     7
       Distracted        |       |       |       |       |     1 |     1 ||     2
  Eat: Chunk             |     5 |     9 |    16 |    49 |    86 |    22 ||   187
       Ration            |       |       |       |     2 |     8 |     7 ||    17
Armor: Robe              |     2 |    38 |     8 |    12 |       |       ||    60
       Leather armour    |       |       |       |    14 |       |       ||    14
       Troll leather arm |       |       |       |    12 |   157 |   108 ||   277
Dodge: Dodged            |    18 |    93 |    61 |   187 |   716 |   308 ||  1383
Block: Buckler           |       |       |       |    25 |   181 |   142 ||   348
